Map: Deathaura LE

Players

MaSa - Winner!

  • Race: Terran Terran
  • League: Master
  • Spawn Location: 11:00

PattyMac

  • Race: Protoss Protoss
  • League: Grandmaster
  • Spawn Location: 5:00

Event: DreamHack SC2 Masters 2020 Winter

VOD

Have the link to the VOD?

Description

Time

  • Played on: Nov. 1, 2020, 3:54 p.m.
  • Length: 11:25

All games in this series

Show
View Real Time Build Order
Export as new Build Order

MaSa Terran - Winner!

Build Orders:  

Get SALT Encoding   

  12  0:00  SCV  
  13  0:12  SCV  
  14  0:17  Supply Depot  
  14  0:24  SCV  
  15  0:38  SCV  
  15  0:40  Barracks  
  16  0:45  Refinery  
  16  0:50  SCV  
  17  1:02  SCV  
  18  1:15  SCV  
  19  1:23  Engineering Bay  
  19  1:28  Marine, Orbital Command  
  20  1:37  Supply Depot  
  20  1:51  Factory  
  21  1:54  SCV  
  21  2:05  Barracks Reactor  
  21  2:06  SCV  
  22  2:12  Command Center  
  22  2:17  Refinery  
  22  2:20  SCV  
  23  2:32  SCV  
  24  2:44  Starport  
  24  2:45  Hellion x2  
  24  2:46  SCV  
  29  2:51  Barracks Tech Lab  
  29  2:54  Supply Depot  
  29  2:58  SCV  
  30  3:10  SCV  
  31  3:16  Widow Mine x2, Marine  
  36  3:20  Medivac  
  36  3:22  SCV  
  36  3:26  Orbital Command  
  39  3:35  Marine  
  39  3:37  SCV  
  39  3:38  Widow Mine x2  
  45  3:44  Barracks  
  45  3:51  Barracks  
  45  3:53  SCV  
  46  3:58  Supply Depot  
  46  4:02  SCV  
  47  4:04  Raven  
  47  4:09  Barracks Tech Lab  
  49  4:10  SCV  
  49  4:14  Factory Reactor  
  49  4:15  SCV  
  51  4:22  SCV, Supply Depot  
  51  4:23  Engineering Bay  
  52  4:28  SCV  
  52  4:29  Marine  
  54  4:32  Stimpack  
  54  4:34  SCV  
  55  4:40  SCV  
  54  4:49  SCV  
  54  4:51  Marine  
  54  4:52  Marine  
  53  4:53  SCV  
  50  5:01  Marine  
  50  5:04  SCV  
  50  5:06  SCV, Terran Infantry Weapons Level 1  
  49  5:08  Refinery x2  
  49  5:09  Supply Depot, Marine x3, Factory Reactor  
  52  5:16  SCV  
  52  5:18  SCV  
  52  5:19  Marine  
  55  5:24  Supply Depot  
  55  5:26  Medivac  
  55  5:27  Marine x3  
  60  5:28  SCV  
  60  5:32  SCV  
  60  5:35  Combat Shield  
  62  5:40  SCV  
  62  5:41  Marauder  
  65  5:45  Marine x2, Marauder  
  65  5:46  SCV  
  65  5:48  Widow Mine x2  
  65  5:49  Supply Depot  
  74  5:53  SCV  
  75  5:58  SCV  
  75  6:03  Marauder, Marine x2  
  80  6:05  SCV, Medivac  
  80  6:10  Widow Mine, SCV  
  86  6:12  Supply Depot x2  
  86  6:15  Supply Depot, Missile Turret  
  86  6:17  SCV  
  87  6:21  Marine x2, Marauder  
  87  6:24  Medivac  
  93  6:27  Supply Depot  
  93  6:28  Concussive Shells  
  93  6:30  SCV  
  94  6:33  SCV  
  95  6:41  Marine x2, Marauder  
  95  6:42  SCV, Marauder  
  95  6:45  SCV  
  103  6:53  Command Center  
  103  6:56  Medivac x2  
  107  7:01  SCV  
  107  7:02  SCV, Marauder  
  107  7:05  Marauder  
  113  7:09  Marine  
  113  7:10  Marine  
  113  7:11  Widow Mine x2  
  113  7:14  SCV  
  113  7:15  Terran Infantry Armor Level 1  
  119  7:19  Barracks  
  119  7:22  Barracks  
  119  7:27  SCV  
  119  7:28  SCV  
  121  7:32  Marine x2, Marauder  
  125  7:39  Supply Depot x2  
  125  7:47  Supply Depot  
  125  7:50  SCV  
  126  8:00  Medivac, Marine, SCV  
  126  8:01  Widow Mine, Marauder x2, Marine, Medivac  
  137  8:11  Barracks Reactor  
  129  8:12  SCV  
  129  8:17  Ghost Academy  
  129  8:18  Marine x2, Barracks Reactor  
  125  8:22  Marauder  
  125  8:23  Marauder  
  125  8:25  SCV  
  130  8:29  Widow Mine  
  130  8:30  Widow Mine, Medivac  
  127  8:36  Marine x2, SCV  
  127  8:37  Medivac  
  128  8:43  Marauder  
  128  8:44  Marauder  
  128  8:47  Marine x2  
  126  8:49  SCV  
  126  8:51  Widow Mine  
  126  8:52  Widow Mine  
  128  8:57  Orbital Command  
  128  9:00  Medivac  
  128  9:05  SCV x2, Marauder x2  
  128  9:07  Medivac  
  135  9:11  Marine  
  135  9:12  Marine x4  
  135  9:14  Missile Turret  
  135  9:15  Widow Mine  
  135  9:16  Missile Turret  
  138  9:26  Marine, Ghost, Marauder  
  138  9:28  SCV  
  138  9:29  Marine  
  138  9:31  Medivac, Marine x2  
  141  9:35  SCV  
  141  9:36  SCV  
  142  9:41  Widow Mine x2  
  142  9:42  Marine  
  142  9:43  SCV  
  146  9:47  SCV, Ghost  
  146  9:49  SCV  
  143  9:54  Ghost  
  143  9:59  Marine x2  
  141  10:00  Marine  
  141  10:03  Widow Mine x2, SCV  
  141  10:06  Marine x3  
  142  10:10  SCV  
  142  10:13  Medivac x2  
  140  10:15  SCV  
  140  10:16  Marauder  
  143  10:24  Widow Mine x2, Marauder  
  143  10:25  Command Center  
  149  10:30  SCV  
  149  10:31  SCV  
  149  10:34  Armory  
  149  10:35  Engineering Bay  
  151  10:37  Marauder  
  151  10:41  Marine x2  
  151  10:42  Marine  
  156  10:45  Widow Mine x2, Marauder  
  156  10:47  Barracks x2  
  156  10:49  SCV, Barracks, Marine  
  163  10:52  SCV  
  165  11:20  Supply Depot x2  
Show
View Real Time Build Order
Export as new Build Order

PattyMac Protoss 

Build Orders:  

Get SALT Encoding   

  12  0:00  Probe  
  13  0:12  Probe  
  14  0:17  Pylon  
  14  0:24  Probe (Chrono Boost)  
  16  0:37  Gateway, Probe (Chrono Boost)  
  16  0:42  Probe (Chrono Boost)  
  16  0:45  Assimilator  
  17  0:52  Probe  
  18  1:04  Probe  
  19  1:16  Probe  
  20  1:24  Cybernetics Core  
  20  1:33  Probe  
  21  1:45  Probe  
  21  1:56  Nexus  
  21  1:58  Pylon  
  21  2:00  Probe  
  22  2:01  Assimilator  
  22  2:04  Warp Gate  
  22  2:13  Probe (Chrono Boost)  
  23  2:16  Stalker  
  26  2:24  Probe (Chrono Boost)  
  26  2:29  Probe (Chrono Boost)  
  27  2:39  Robotics Facility  
  27  2:40  Probe (Chrono Boost)  
  28  2:47  Stalker  
  31  2:52  Probe (Chrono Boost)  
  31  3:09  Probe (Chrono Boost)  
  33  3:13  Probe (Chrono Boost)  
  33  3:17  Stalker  
  33  3:18  Probe (Chrono Boost)  
  36  3:22  Probe (Chrono Boost)  
  36  3:23  Nexus, Probe (Chrono Boost)  
  39  3:27  Observer (Chrono Boost)  
  39  3:33  Probe  
  40  3:35  Pylon  
  40  3:37  Probe  
  41  3:44  Gateway  
  41  3:47  Gateway  
  41  3:50  Observer, Probe  
  41  3:51  Probe  
  44  3:58  Stalker  
  44  4:02  Probe  
  47  4:03  Probe  
  47  4:04  Pylon  
  48  4:14  Pylon, Probe  
  48  4:15  Probe  
  50  4:22  Twilight Council  
  50  4:26  Probe (Chrono Boost)  
  50  4:27  Stalker  
  50  4:28  Probe (Chrono Boost)  
  54  4:35  Probe (Chrono Boost)  
  56  4:38  Probe (Chrono Boost)  
  56  4:40  Probe (Chrono Boost)  
  56  4:44  Probe (Chrono Boost)  
  58  4:45  Probe (Chrono Boost)  
  58  4:46  Probe (Chrono Boost)  
  58  4:49  Probe (Chrono Boost)  
  58  4:52  Probe  
  55  4:55  Probe  
  55  4:57  Observer  
  52  5:01  Probe  
  52  5:04  Probe  
  52  5:05  Charge  
  54  5:08  Pylon  
  54  5:12  Gateway x2  
  54  5:13  Gateway  
  53  5:16  Probe x2 (Chrono Boost)  
  56  5:23  Gateway, Probe (Chrono Boost)  
  56  5:28  Probe x2 (Chrono Boost)  
  58  5:29  Gateway  
  58  5:32  Probe (Chrono Boost)  
  58  5:33  Probe (Chrono Boost)  
  58  5:34  Sentry  
  62  5:36  Warp Prism (Chrono Boost)  
  62  5:42  Zealot x2  
  68  5:44  Probe  
  68  5:46  Pylon  
  69  5:53  Pylon, Shield Battery  
  69  5:55  Probe  
  69  5:57  Probe  
  69  6:04  Zealot x3  
  75  6:12  Shield Battery  
  75  6:13  Immortal (Chrono Boost)  
  79  6:21  Zealot, Shield Battery  
  81  6:26  Sentry x2  
  81  6:29  Zealot x3  
  91  6:33  Pylon  
  91  6:44  Zealot x3  
  91  6:45  Immortal (Chrono Boost)  
  101  6:52  Zealot x2  
  101  6:53  Pylon  
  95  6:57  Forge  
  95  7:02  Probe  
  95  7:05  Zealot x4  
  95  7:08  Stalker  
  106  7:11  Probe x2  
  108  7:16  Assimilator  
  108  7:18  Assimilator  
  108  7:21  Immortal  
  112  7:27  Pylon  
  110  7:30  Photon Cannon  
  110  7:31  Zealot  
  110  7:32  Zealot x2  
  116  7:38  Blink  
  116  7:40  Probe  
  116  7:41  Probe  
  118  7:47  Protoss Ground Weapons Level 1 (Chrono Boost), Zealot x3  
  118  7:48  Zealot  
  118  7:49  Probe  
  127  7:56  Zealot x2  
  127  7:58  Zealot  
  128  8:19  Pylon  
  128  8:20  Robotics Bay  
  128  8:21  Pylon, Robotics Facility  
  128  8:23  Pylon x2  
  128  8:25  Pylon  
  128  8:28  Warp Prism (Chrono Boost)  
  128  8:33  Zealot x3  
  124  8:36  Zealot  
  124  8:37  Zealot x2  
  98  8:56  Zealot x4  
  98  8:57  Zealot x4  
  114  9:09  Disruptor x2  
  120  9:10  Probe  
  120  9:11  Probe x2  
  120  9:13  Assimilator  
  120  9:14  Assimilator  
  123  9:17  Pylon  
  123  9:18  Sentry  
  123  9:19  Sentry x2  
  123  9:22  Probe  
  130  9:24  Stalker  
  130  9:25  Stalker  
  118  9:33  Zealot x2, Sentry  
  110  9:48  Pylon  
  94  10:03  Zealot x6  
  72  10:16  Disruptor  
  72  10:18  Nexus  
  67  10:22  Pylon  
  67  10:23  Stalker x3  
  67  10:24  Stalker x2  
  77  10:34  Photon Cannon  
  77  10:38  Observer, Shield Battery  
  77  10:44  Stalker, Pylon  
  77  10:49  Gateway  
  79  10:52  Zealot  
  79  10:53  Gateway  
  81  11:11  Stalker  
  81  11:12  Stalker x5  
Tags
 
Add a new tag
Caveats
  • Supply blocks, unpowered buildings, or Contaminate may cause inaccurate times.
  • Supply counts are checked every 10 seconds.